Map: Catalyst LE

Players

Zombiekiller

  • Race: Terran Terran
  • Spawn Location: 11:00

CinDra - Winner!

  • Race: Zerg Zerg
  • League: Gold
  • Spawn Location: 5:00

VOD

Have the link to the VOD?

Description

Time

  • Played on: March 12, 2018, 10:41 p.m.
  • Length: 4:49
Show
View Real Time Build Order
Export as new Build Order

Zombiekiller Terran 

Build Orders:  

Get SALT Encoding   

  12  0:15  SCV  
  13  0:27  SCV  
  14  0:40  SCV  
  15  1:27  Command Center  
  15  1:50  Refinery  
  15  2:05  Refinery  
  14  3:13  SCV  
  15  3:25  SCV  
  16  3:37  SCV  
  16  3:39  SCV  
  18  3:49  SCV  
  18  3:51  SCV  
  20  4:02  SCV  
Show
View Real Time Build Order
Export as new Build Order

CinDra Zerg - Winner!

Build Orders: Pool First 

Get SALT Encoding   

  12  0:01  Drone  
  13  0:13  Overlord  
  13  0:17  Drone  
  14  0:31  Drone x2  
  16  0:36  Drone  
  17  0:46  Spawning Pool  
  17  0:48  Drone  
  17  0:57  Drone  
  18  1:15  Hatchery  
  18  1:16  Drone  
  18  1:20  Extractor  
  18  1:21  Drone  
  18  1:32  Queen  
  18  1:34  Zergling x2  
  18  1:39  Drone  
  22  1:49  Overlord  
  22  2:09  Drone  
  22  2:11  Queen  
  26  2:15  Drone  
  26  2:23  Drone  
  26  2:28  Drone  
  28  2:37  Metabolic Boost  
  28  2:39  Queen  
  28  2:43  Drone  
  28  2:44  Drone  
  32  2:45  Drone x2  
  32  2:48  Drone  
  35  2:54  Drone  
  35  2:55  Overlord  
  36  3:02  Overlord x2  
  36  3:09  Baneling Nest  
  35  3:14  Drone x2  
  37  3:31  Zergling x14  
  44  3:43  Drone x2  
  44  3:47  Drone  
  47  4:00  Zergling x12  
  47  4:01  Overlord  
  53  4:19  Zergling x6  
  56  4:24  Drone x2  
Tags
 
League
Gold
Matchup
TvZ
Opening
Pool First
Spawn Locations
Cross Positions
Add a new tag
Caveats
  • Supply blocks, unpowered buildings, or Contaminate may cause inaccurate times.
  • Supply counts are checked every 10 seconds.